 Dungeon Crawl Stone Soup version 0.20.0-7-g3b7b877 (webtiles) character file.

12054 ChaseSP the Cleaver (level 11, -7/100 HPs)
             Began as a Deep Dwarf Fighter on May 30, 2017.
             Was an Elder of Makhleb.
             Mangled by Erolcha
             ... wielding a +0 giant club
              (11 damage)
             ... on level 9 of the Dungeon.
             The game lasted 00:19:51 (7686 turns).

ChaseSP the Cleaver (Deep Dwarf Fighter)            Turns: 7686, Time: 00:19:51

Health: -7/100     AC: 16    Str: 22    XL:     11   Next: 57%
Magic:  9/9        EV:  8    Int:  9    God:    Makhleb [****..]
Gold:   422        SH: 10    Dex: 15    Spells: 12/12 levels left

rFire    x . .     SeeInvis .   a - +0 war axe
rCold    + . .     Gourm    .   c - +0 shield
rNeg     . . .     Faith    .   E - +1 plate armour
rPois    .         Spirit   .   v - +2 hat
rElec    .         Reflect  .   (no cloak)
rCorr    .         Harm     +   (no gloves)
MR       +....                  (no boots)
Stlth    ..........             B - amulet of harm
Regen    0.0/turn               w - ring of ice
MPRegen  0.2/turn               m - ring of flight

@: non-regenerating
A: damage resistance, heal wounds, sense surroundings 2, strong 1, no
regeneration
a: Heal Wounds, Minor Destruction, Lesser Servant of Makhleb, Major Destruction,
Renounce Religion, Evoke Flight


You were on level 9 of the Dungeon.
You worshipped Makhleb.
Makhleb was greatly pleased with you.
You were not hungry.

You visited 1 branch of the dungeon, and saw 9 of its levels.

You collected 464 gold pieces.
You spent 42 gold pieces at shops.

Inventory:

Hand Weapons
 a - a +0 war axe (weapon)
 p - a +0 mace
 s - a +0 morningstar
 x - a cursed +0 arbalest
 H - a cursed +1 battleaxe of chopping
 K - a +0 flail of venom
Missiles
 C - 28 bolts
Armour
 c - a +0 shield (worn)
 v - a +2 hat (worn)
 E - a +1 plate armour (worn)
Jewellery
 m - a ring of flight (right hand)
 r - an uncursed ring of loudness
 t - an uncursed amulet of inaccuracy
 w - a ring of ice (left hand)
 B - an amulet of harm (around neck)
Wands
 I - a wand of paralysis (0/24)
 L - a wand of polymorph (9/24)
Scrolls
 d - a scroll of enchant weapon
 e - 5 scrolls of identify
 h - 6 scrolls of teleportation
 j - 4 scrolls of remove curse
 y - a scroll of acquirement {unknown}
 D - 2 scrolls of fog {unknown}
 G - 3 scrolls of random uselessness {unknown}
 J - a scroll of blinking
 M - 2 scrolls of magic mapping {unknown}
Potions
 g - 3 potions of degeneration
 i - 2 potions of curing {unknown}
 l - a potion of brilliance
 n - 2 potions of haste
 o - a potion of cancellation
 u - a potion of agility {unknown}
 z - a potion of flight {unknown}
 A - a potion of might
 N - a potion of ambrosia {unknown}
Comestibles
 b - 3 chunks of flesh
 f - 14 bread rations
 k - 6 meat rations
 q - 3 royal jellies
 F - 2 fruits


   Skills:
 + Level 7.0 Fighting
 * Level 13.6 Axes
 + Level 8.7 Armour
 + Level 6.4 Dodging
 - Level 3.2 Shields
 + Level 1.2 Spellcasting
 + Level 8.5 Invocations


You had 12 spell levels left.
You didn't know any spells.

Dungeon Overview and Level Annotations

Branches:
Dungeon (9/15)             Temple (0/1) D:6            Lair (0/6) D:9
    Orc: D:9-12

Altars:
Makhleb
Qazlal
Trog
Uskayaw
Yredelemnul
The Shining One

Shops:
D:5 ![((   D:6 =:[*?   D:8 :

Annotations:
D:9 Erolcha


Innate Abilities, Weirdness & Mutations

You are resistant to damage.
You can heal yourself by infusing magical energy.
You passively map the area around you.
You do not regenerate.
Your muscles are strong. (Str +2)


Message History

Deactivating autopickup; reactivate with Ctrl-A.
You block the orc warrior's attack.
You slash the orc warrior!
The orc warrior is almost dead.
You hit something but do no damage. Something hits you but does no damage.
The orc warrior closely misses you.
You closely miss the orc warrior.
The orc warrior is almost dead.
You hit something. You block the orc warrior's attack.
You slash the orc warrior!
You kill the orc warrior!
Makhleb accepts your kill.
Your shield and plate armour prevent you from hitting something.
Something hits you. Something hits you!!
* * * LOW HITPOINT WARNING * * *
Things that are here:
a trident; a chain mail You closely miss something.
Something hits you!
You die...

.....................(..#.......#
...........?............#.......#
........................#.......#
........................#......>#
.....(......#####################
............#...........
............#..#........ ,,,,,
.....######.#.)#).......,, ,,
.....# #....)@...%... ,, , ,
.....# ###.)){.....## ,, , ,
.....# #.....%..... ,, , .....#
#........... , ...###
############ * *** ####


There were no monsters in sight!

Vanquished Creatures
  5 two-headed ogres
  The ghost of Malacante the Impaler, a novice MfFi of Hepliaklqana (D:7)
  The ghost of Kalaber the Grappler, a novice TrMo of Ru (D:5)
  An orc knight (D:9)
  A hippogriff (D:5)
  A spriggan (D:7)
  5 yaks (D:9)
  A steam dragon (D:9)
  A hungry ghost (D:8)
  10 wargs (D:9)
  2 porcupines (D:9)
  3 ice beasts
  6 orc warriors
  A sky beast (D:7)
  A black bear (D:8)
  5 ogres
  A phantom (D:6)
  3 crocodiles
  2 big kobolds
  A wyvern zombie (D:6)
  5 bullfrogs
  3 scorpions
  5 wights (D:8)
  4 crimson imps
  7 howler monkeys
  3 orc priests (D:9)
  2 bullfrog skeletons
  A centaur skeleton (D:6)
  3 hounds
  2 jellies
  5 orc wizards
  6 worker ants
  A killer bee zombie (D:9)
  A hound skeleton (D:7)
  A worker ant zombie (D:6)
  11 adders
  15 gnolls
  An ooze (D:3)
  2 adder skeletons
  3 worms
  3 dart slugs
  7 leopard geckos
  58 orcs
  5 bats
  3 giant cockroaches
  5 goblins
  6 hobgoblins
  33 kobolds
  6 quokkas
  2 ball pythons
  3 frilled lizards
  2 giant cockroach zombies
  A quokka skeleton (D:4)
  5 rats
  2 plants (D:5)
274 creatures vanquished.

Vanquished Creatures (collateral kills)
  A two-headed ogre (D:8)
  2 orc knights (D:9)
  4 wargs (D:9)
  An orc priest (D:9)
  13 orcs (D:9)
  A fungus (D:9)
22 creatures vanquished.

Vanquished Creatures (others)
  13 plants (D:9)
13 creatures vanquished.

Grand Total: 309 creatures vanquished

Notes
Turn   | Place    | Note
-------+----------+-------------------------------------------
     0 | D:1      | ChaseSP the Deep Dwarf Fighter began the quest for the Orb.
     0 | D:1      | Reached XP level 1. HP: 20/20 MP: 1/1
   112 | D:1      | Reached skill level 3 in Axes
   118 | D:1      | Found a glowing golden altar of the Shining One.
   309 | D:1      | Reached XP level 2. HP: 21/27 MP: 2/2
   617 | D:2      | Reached XP level 3. HP: 22/33 MP: 3/3
   640 | D:2      | Found a stormy altar of Qazlal.
   705 | D:2      | Reached skill level 4 in Axes
  1346 | D:3      | Reached XP level 4. HP: 32/40 MP: 4/4
  1726 | D:3      | Reached skill level 5 in Axes
  1751 | D:3      | Noticed a dagger
  1752 | D:3      | Found a hide-covered altar of Uskayaw.
  1754 | D:3      | Noticed a hand axe
  1862 | D:3      | Noticed an ogre
  1867 | D:3      | Killed an ogre
  1867 | D:3      | Reached XP level 5. HP: 22/46 MP: 5/5
  1912 | D:3      | Found a burning altar of Makhleb.
  1916 | D:3      | Became a worshipper of Makhleb the Destroyer
  2054 | D:4      | Noticed an ogre
  2072 | D:4      | Killed an ogre
  2072 | D:4      | Reached skill level 6 in Axes
  2072 | D:4      | Reached XP level 6. HP: 12/55 MP: 5/5
  2155 | D:4      | Reached skill level 5 in Armour
  2360 | D:4      | Found a bloodstained altar of Trog.
  2370 | D:4      | Reached skill level 7 in Axes
  2435 | D:4      | Reached XP level 7. HP: 35/61 MP: 6/6
  2641 | D:5      | Entered Level 5 of the Dungeon
  2642 | D:5      | Noticed Kalaber's ghost (novice TrMo)
  2657 | D:5      | Killed Kalaber's ghost
  2657 | D:5      | Reached skill level 8 in Axes
  2703 | D:5      | Reached XP level 8. HP: 41/68 MP: 6/6
  2792 | D:5      | Reached skill level 9 in Axes
  2835 | D:5      | Reached * piety under Makhleb
  2999 | D:5      | Found Hemis's Weapon Shop.
  3000 | D:5      | Found Resemm's Weapon Boutique.
  3037 | D:5      | Found Tadumelu's Armour Shop.
  3061 | D:5      | Found Isusane's Distillery.
  3096 | D:5      | Noticed a hippogriff
  3108 | D:5      | Killed a hippogriff
  3265 | D:6      | Found Huiq's Jewellery Shop.
  3276 | D:6      | Found Guhapn's Book Shop.
  3338 | D:6      | Found a staircase to the Ecumenical Temple.
  3369 | D:6      | Reached skill level 10 in Axes
  3502 | D:6      | Found a basalt altar of Yredelemnul.
  3537 | D:6      | Reached ** piety under Makhleb
  3555 | D:6      | Found Ejyn's General Store.
  3567 | D:6      | Found Zuifivi's Armour Shop.
  3594 | D:6      | Found Onyd's Magic Scroll Shoppe.
  3876 | D:7      | Reached skill level 1 in Invocations
  3949 | D:7      | Gained mutation: You passively map the area around you. [Deep Dwarf growth]
  3949 | D:7      | Reached XP level 9. HP: 78/78 MP: 8/8
  4029 | D:7      | You fall through a shaft for 2 floors!
  4143 | D:8      | Found Ossir's Book Shop.
  4262 | D:7      | Reached *** piety under Makhleb
  4336 | D:7      | Reached skill level 11 in Axes
  4394 | D:6      | Bought a scroll of remove curse for 42 gold pieces
  4453 | D:7      | Noticed Malacante's ghost (novice MfFi)
  4481 | D:7      | Killed Malacante's ghost
  4481 | D:7      | Reached skill level 5 in Fighting
  4484 | D:7      | Gained mutation: Your muscles are strong. (Str +2) [mutagenic meat]
  4989 | D:8      | Noticed a two-headed ogre
  5001 | D:8      | Killed a two-headed ogre
  5001 | D:8      | Reached skill level 5 in Invocations
  5153 | D:8      | Reached XP level 10. HP: 55/88 MP: 11/11
  5326 | D:8      | Noticed a two-headed ogre
  5344 | D:8      | Killed a two-headed ogre
  5344 | D:8      | Reached skill level 12 in Axes
  5513 | D:8      | Noticed a two-headed ogre
  5523 | D:8      | Killed a two-headed ogre
  5661 | D:8      | Noticed a two-headed ogre
  5673 | D:8      | Killed a two-headed ogre
  5931 | D:8      | Noticed a two-headed ogre
  5937 | D:8      | Killed a two-headed ogre
  5970 | D:8      | Reached skill level 5 in Dodging
  6004 | D:9      | Noticed a two-headed ogre
  6164 | D:9      | Reached **** piety under Makhleb
  6179 | D:9      | Reached skill level 13 in Axes
  6179 | D:9      | Reached XP level 11. HP: 68/99 MP: 12/12
  6371 | D:9      | Found a burning altar of Makhleb.
  6582 | D:9      | Noticed an orc knight
  6617 | D:9      | Killed an orc knight
  6771 | D:9      | Killed a two-headed ogre
  6902 | D:9      | Found a staircase to the Lair.
  6908 | D:9      | Noticed an orc knight
  7046 | D:9      | Killed an orc knight
  7197 | D:9      | Reached skill level 1 in Spellcasting
  7265 | D:9      | Noticed an orc knight
  7276 | D:9      | Killed an orc knight
  7657 | D:9      | Noticed Erolcha
  7670 | D:9      | HP: 4/100 [orc warrior/trident (12)]
  7685 | D:9      | HP: 4/100 [something (27)]
  7686 | D:9      | Mangled by Erolcha

Skill      XL: |  1  2  3  4  5  6  7  8  9 10 11 |
---------------+----------------------------------+-----
Axes           | 3 4 5 6 7 8 10 11 13 | 13.6
Armour         | 4 5 6 8 |  8.7
Dodging        | 3 5 6 |  6.4
Fighting       | 4 5 6 7 |  7.0
Invocations    | 1 5 7 8 |  8.5
Spellcasting   | 1 |  1.2
Shields        | |  3.2

Action                   |  1- 3 |  4- 6 |  7- 9 | 10-12 || total
-------------------------+-------+-------+-------+-------++-------
Melee: War axe           |   126 |   146 |   376 |   461 ||  1109
Invok: Lesser Servant of |       |       |     1 |     9 ||    10
       Minor Destruction |       |       |       |     5 ||     5
       Major Destruction |       |       |       |     1 ||     1
 Abil: Heal Wounds       |     1 |     5 |     6 |    18 ||    30
Evoke: Wand              |       |       |       |     4 ||     4
  Use: Scroll            |     5 |     3 |     5 |       ||    13
       Potion            |       |       |     2 |       ||     2
  Eat: Chunk             |     1 |     4 |     9 |    11 ||    25
       Fruit             |       |       |     2 |       ||     2
Armor: Scale mail        |    58 |    74 |    50 |       ||   182
       Plate armour      |       |       |    96 |   168 ||   264
Dodge: Dodged            |    40 |    57 |    86 |    90 ||   273
Block: Shield            |    63 |    88 |   179 |   211 ||   541
